 Dungeon Crawl Stone Soup version 0.19.0-24-gb05acd6 (console) character file.

65 Jesseh the Chiller (level 4, -2/32 HPs)
             Began as a Merfolk Ice Elementalist on Nov 21, 2016.
             Slain by loom's ghost (4 damage)
             ... on level 3 of the Dungeon.
             The game lasted 00:17:01 (2354 turns).

Jesseh the Chiller (Merfolk Ice Elementalist)       Turns: 2354, Time: 00:17:02

Health: -2/32      AC:  3    Str:  7 (9)  XL:     4   Next: 13%
Magic:  1/7        EV: 13    Int: 13 (14) God:
Gold:   94         SH:  0    Dex: 12 (14) Spells: 3 memorised, 2 levels left

rFire  . . .     SeeInvis .     f - -1 dagger (curse)
rCold  . . .     Gourm    .     p - +0 robe
rNeg   . . .     Faith    .     (no shield)
rPois  .         Spirit   .     (no helmet)
rElec  .         Reflect  .     r - +0 cloak
rCorr  +         Harm     .     (no gloves)
MR     .....                    (no boots)
Stlth  ++........               (no amulet)
                                (no ring)
                                d - ring of resist corrosion

@: no status effects
A: change form in water, swift swim, stealthy swim
a: no special abilities


You were on level 3 of the Dungeon.
You were not hungry.

You visited 1 branch of the dungeon, and saw 3 of its levels.

You collected 94 gold pieces.

Inventory:

Hand Weapons
 e - a +3 hand axe
   (You found it on level 2 of the Dungeon)
 f - a cursed -1 dagger (weapon)
   (You took it off a kobold on level 1 of the Dungeon)
 g - a +0 dagger
   (You took it off a goblin on level 2 of the Dungeon)
 h - a +0 dagger
   (You found it on level 2 of the Dungeon)
 j - a +0 dagger
   (You took it off a kobold on level 1 of the Dungeon)
 l - a +0 dagger
   (You took it off a goblin on level 1 of the Dungeon)
Armour
 p - a +0 robe (worn)
   (You found it on level 2 of the Dungeon)
 r - a +0 cloak (worn)
   (You found it on level 2 of the Dungeon)
Jewellery
 d - a ring of resist corrosion (left hand)
   (You found it on level 1 of the Dungeon)
Scrolls
 a - a scroll of enchant weapon {unknown}
 i - a scroll of amnesia {unknown}
 k - a scroll of magic mapping {unknown}
 n - a scroll of noise {unknown}
 s - a scroll of recharging {unknown}
Potions
 m - a potion of experience {unknown}
Books
 b - a book of Frost
Comestibles
 c - a bread ration
 o - a royal jelly
 q - 2 chunks of flesh


   Skills:
 - Level 1.0 Fighting
 + Level 2.8 Dodging
 - Level 2.1 Stealth
 - Level 2.6 Spellcasting
 * Level 1.4 Conjurations
 * Level 1.2 Charms
 - Level 3.9 Ice Magic


You had 2 spell levels left.
You knew the following spells:

 Your Spells              Type           Power        Failure   Level  Hunger
a - Freeze                Ice            ##..         6%          1    #......
b - Throw Frost           Conj/Ice       #.....       14%         2    ###....
c - Ozocubu's Armour      Chrm/Ice       #.......     28%         3    ###....


Dungeon Overview and Level Annotations

Branches:
Dungeon (3/15)

Altars:
Ashenzari

Annotations:
D:3 loom's ghost, amateur HaHu


Message History

There is a stone staircase leading down here.
There is a stone staircase leading down here.
You don't know that spell.
A leather armour.
The floor.
There is a stone staircase leading down here.
You climb downwards.
An adder comes into view.
There is a stone staircase leading up here.
Aim: an adder (resting)
You freeze the adder.
The adder hisses angrily.
The adder misses you. The adder barely misses you.
Aim: an adder (moderately wounded)
You freeze the adder. The adder misses you.
You barely miss the adder. The adder bites you.
You are poisoned.
The adder poisons you!
You hit the adder.
You kill the adder!
You feel your strength returning.
You have reached level 4!
You feel sick.
You feel sick.
You see here an adder corpse.
You butcher the adder corpse.
q - 2 chunks of flesh You feel sick.
You feel sick.
You now have 76 gold pieces (gained 7).
You feel sick.
You feel sick.
You open the door.
Loom's ghost (amateur Halfling Hunter) comes into view.
Loom's ghost moves out of view.
You feel sick.
You feel sick.
You are no longer poisoned.
There is an open door here.
You now have 94 gold pieces (gained 18).
There is an open door here.
Aim: loom's ghost You freeze loom's ghost.
Loom's ghost misses you.
Aim: loom's ghost (lightly damaged)
You freeze loom's ghost. Loom's ghost barely misses you.
Aim: loom's ghost (lightly damaged)
You freeze loom's ghost.
Loom's ghost hits you but does no damage.
Here: loom's ghost (lightly damaged)
The floor.
Aim: loom's ghost (lightly damaged)
You freeze loom's ghost.
Loom's ghost hits you but does no damage.
Aim: loom's ghost (moderately damaged)
You freeze loom's ghost.
Loom's ghost wails, "You will never get the ORB!"
Loom's ghost hits you.
Here: loom's ghost (moderately damaged)
The floor.
Aim: loom's ghost (moderately damaged)
You freeze loom's ghost. Loom's ghost closely misses you.
Aim: loom's ghost (heavily damaged)
You freeze loom's ghost. Loom's ghost hits you.
You don't have enough magic to cast that spell.
Unknown command.
You hit loom's ghost but do no damage. Loom's ghost hits you.
You hit loom's ghost but do no damage. Loom's ghost hits you.
You hit loom's ghost but do no damage. Loom's ghost hits you.
You hit loom's ghost but do no damage. Loom's ghost closely misses you.
You hit loom's ghost but do no damage.
Loom's ghost hits you but does no damage.
Aim: loom's ghost (severely damaged)
You freeze loom's ghost. Loom's ghost completely misses you.
You hit loom's ghost but do no damage. Loom's ghost barely misses you.
You hit loom's ghost but do no damage.
Loom's ghost hits you but does no damage.
You closely miss loom's ghost. Loom's ghost hits you.
You hit loom's ghost but do no damage. Loom's ghost hits you.
You hit loom's ghost but do no damage. Loom's ghost closely misses you.
You hit loom's ghost but do no damage.
Loom's ghost hits you but does no damage.
You closely miss loom's ghost.
Loom's ghost hits you but does no damage.
You hit loom's ghost. Loom's ghost hits you.
* * * LOW HITPOINT WARNING * * *
Aim: loom's ghost (severely damaged)
You freeze loom's ghost. Loom's ghost hits you.
* * * LOW HITPOINT WARNING * * *
You closely miss loom's ghost. Loom's ghost misses you.
You hit loom's ghost but do no damage. Loom's ghost misses you.
You hit loom's ghost but do no damage. Loom's ghost misses you.
You hit loom's ghost but do no damage.
Loom's ghost hits you but does no damage.
You hit loom's ghost but do no damage. Loom's ghost hits you.
* * * LOW HITPOINT WARNING * * *
You hit loom's ghost but do no damage. Loom's ghost barely misses you.
You hit loom's ghost but do no damage. Loom's ghost hits you.
* * * LOW HITPOINT WARNING * * *
You hit loom's ghost but do no damage. Loom's ghost hits you.
You die...

.▒▒▒.▒▒▒....▒..▒▒▒
...............▒
.▒▒▒▒▒▒▒▒▒.....▒
▒▒'▒▒▒▒ ▒▒...▒▒ ▒ ▒▒
▒▒.....▒▒ ▒.▒.▒
▒▒.......▒▒
▒....▒▒▒▒.........▒
▒...Wm..'.........+
▒.....▒▒▒▒.........▒
▒.▒▒.▒ ▒▒.......▒▒
▒▒ ▒▒.....▒▒ ▒▒...▒▒
▒▒'▒▒ ▒.▒ ▒


You could see loom's ghost.

Vanquished Creatures
  2 adders
  An ooze (D:2)
  A worm (D:2)
  A dart slug (D:1)
  A leopard gecko (D:1)
  A giant cockroach (D:2)
  3 goblins
  6 hobgoblins
  4 jackals (D:1)
  2 bats
  5 frilled lizards
  7 kobolds
  3 rats
37 creatures vanquished.

Notes
Turn   | Place    | Note
-------+----------+-------------------------------------------
     0 | D:1      | Jesseh the Merfolk Ice Elementalist began the quest for the Orb.
     0 | D:1      | Reached XP level 1. HP: 13/13 MP: 3/3
   125 | D:1      | Reached XP level 2. HP: 11/19 MP: 0/5
   368 | D:1      | HP: 4/19 [jackal (2)]
   369 | D:1      | HP: 1/19 [jackal (3)]
   718 | D:1      | Reached XP level 3. HP: 22/24 MP: 2/6
   722 | D:1      | Learned a level 2 spell: Throw Frost
   726 | D:1      | Learned a level 3 spell: Ozocubu's Armour
  1092 | D:2      | Reached skill level 1 in Conjurations
  1288 | D:2      | HP: 5/24 [worm (7)]
  1293 | D:2      | HP: 2/24 [worm (4)]
  1321 | D:2      | HP: 6/24 [worm (7)]
  1329 | D:2      | HP: 5/24 [worm (1)]
  1355 | D:2      | Reached skill level 1 in Charms
  1771 | D:2      | HP: 6/25 [poisoned by an adder]
  1774 | D:2      | Reached skill level 1 in Fighting
  1776 | D:2      | HP: 5/26 [poisoned by an adder]
  1784 | D:2      | HP: 3/26 [poisoned by an adder]
  2194 | D:2      | Found a shattered altar of Ashenzari.
  2285 | D:3      | Reached XP level 4. HP: 31/32 MP: 4/7
  2301 | D:3      | Noticed loom's ghost (amateur HaHu)
  2346 | D:3      | HP: 4/32 [loom's ghost (6)]
  2351 | D:3      | HP: 3/32 [loom's ghost (2)]
  2354 | D:3      | Slain by loom's ghost

Skill      XL: |  1  2  3 |
---------------+----------+-----
Conjurations   | 1 |  1.4
Charms         | 1 |  1.2
Fighting       | 1 |  1.0
Dodging        | |  2.8
Stealth        | |  2.1
Spellcasting   | |  2.6
Ice Magic      | |  3.9

Action                   |  1- 3 |  4- 6 || total
-------------------------+-------+-------++-------
Melee: Dagger            |    70 |    21 ||    91
 Cast: Freeze            |    63 |     9 ||    72
       Throw Frost       |     3 |       ||     3
  Use: Potion            |     2 |       ||     2
  Eat: Chunk             |     3 |       ||     3
       Bread ration      |     1 |       ||     1
       Beef jerky        |     1 |       ||     1
Armor: Robe              |    14 |     7 ||    21
Dodge: Dodged            |    75 |    11 ||    86

Vault maps used:
D:1:      dpeg_arrival_round_c
D:2:      first_bread, kennysheep_flooded_box, kennysheep_generic_room_8
D:3:      lemuel_round_altar, serial_bayou_ford_a

Table legend:
 A = Turns spent in this place as a percentage of turns spent in the entire game.
 B = Non-inter-level travel turns spent in this place as a percentage of non-inter-level travel turns spent in the entire game.
 C = Inter-level travel turns spent in this place as a percentage of turns spent in this place.
 D = Turns resting spent in this place as a percentage of non-inter-level travel turns spent in this place.
 E = Turns spent auto-exploring this place as a percentage of non-inter-level travel turns spent in this place.
 F = Non-inter-level travel turns spent in this place divided by the number of levels of this place that you've seen.
                   A       B       C       D       E      F
               +-------+-------+-------+-------+-------+----------------------
         Total | 100.0 | 100.0 |   0.4 |   1.8 |   6.4 | 225.0
       Dungeon | 100.0 | 100.0 |   0.4 |   1.8 |   6.4 | 225.0
               +-------+-------+-------+-------+-------+----------------------

Table legend:
 A = Kills in this place as a percentage of kills in entire the game.
 B = Kills by you in this place as a percentage of kills by you in the entire game.
 C = Kills by friends in this place as a percentage of kills by friends in the entire game.
 D = Other kills in this place as a percentage of other kills in the entire game.
 E = Experience gained in this place as a percentage of experience gained in the entire game.
 F = Experience gained in this place divided by the number of levels of this place that you have seen.
                   A       B       C       D       E      F
               +-------+-------+-------+-------+-------+----------------------
         Total | 100.0 | 100.0 |  -nan |  -nan | 100.0 |  31.0
       Dungeon | 100.0 | 100.0 |  -nan |  -nan | 100.0 |  31.0
               +-------+-------+-------+-------+-------+----------------------
